Match 46847444
Unlisted

Match 46847444
End
Construct Barracks
Engineer Squad
Riflemen Squad
Riflemen Squad
Selects Special Operations Battlegroup
Riflemen Squad
Infantry Support Center
Grenade Package
Construct Medical Station
Construct Motor Pool
Selects Raiding Flares
M8 Greyhound Armored Car
M1918 Browning Automatic Rifles
Selects SSF Commando Squad
SSF Commando Squad
M8 Greyhound Armored Car
Selects M29 Weasel Recon Vehicle
Advanced Logistics
Selects P-47 Anti-Infantry Loiter
Raiding Flares
SSF Commando Squad
Construct Weapon Support Center
Improved M9 Bazooka Rockets
Survival Training
Sarg gX
Willaguy
0
0

Comments sign in to comment!

No comments posted yet!